 Dungeon Crawl Stone Soup version bcrawl-1.21.2-28-g2cb1824106 (webtiles) character file.

Game seed: 6578510636053688611

164 MisterOstroum the Ducker (level 5, -6/53 HPs)
             Began as a Troll Gladiator on Mar 7, 2020.
             Mangled by Mrkan's ghost (9 damage)
             ... on level 4 of the Dungeon.
             The game lasted 00:01:55 (2395 turns).

MisterOstroum the Ducker (Troll Gladiator)          Turns: 2395, Time: 00:01:56

Health: -6/53      AC:  6    Str: 23    XL:     5   Next: 21%
Magic:  4/4        EV: 10    Int:  5    God:
Gold:   261        SH:  0    Dex: 11    Spells: 4/4 levels left

rFire    . . .     SeeInvis .     - Unarmed
rCold    . . .     Gourm    +   (no shield)
rNeg     . . .     Faith    .   (armour unavailable)
rPois    .         Spirit   .   b - +0 hat
rElec    .         Reflect  .   (no cloak)
rCorr    .         Harm     .   (gloves unavailable)
MR       .....                  (boots unavailable)
Stlth    +.........             (no amulet)
HPRegen  0.57/turn              (no ring)
MPRegen  0.09/turn              (no ring)

@: no status effects
A: large, almost no armour, unfitting armour, claws 3, fast metabolism 3,
gourmand, regeneration 1, AC +6
a: no special abilities


You were on level 4 of the Dungeon.
You were very full.

You visited 1 branch of the dungeon, and saw 4 of its levels.

You collected 261 gold pieces.

Inventory:

Missiles
 a - 326 sling bullets
 c - 3 throwing nets (quivered) {!f!f}
 d - 1228 stones
 g - 305 arrows
 v - 180 bolts
Armour
 b - a +0 hat (worn)
Wands
 n - a wand of random effects (8)
 r - a wand of paralysis (5)
 u - a wand of acid (6)
Scrolls
 i - a scroll of amnesia {unknown}
 l - a scroll of enchant weapon {unknown}
 m - 3 scrolls of identify {unknown}
 o - a scroll of blinking {unknown}
 q - 2 scrolls of remove curse {unknown}
 t - a scroll of fog {unknown}
Potions
 f - a potion of haste {unknown}
 h - a potion of ambrosia {unknown}
 j - a potion of heal wounds {unknown}
 k - a potion of curing {unknown}
 p - a potion of agility {unknown}
 s - a potion of cancellation {unknown}
Comestibles
 e - 8 rations {!d}


   Skills:
 * Level 3.1 Fighting
   Level 2.4 Polearms
 - Level 1.7 Throwing
 + Level 3.1 Dodging
 * Level 2.9 Unarmed Combat


You had 4 spell levels left.
You didn't know any spells.
Your spell library was empty.

Dungeon Overview and Level Annotations

Branches:
Dungeon (4/12)
 Temple: D:4-7

Altars:
Ashenzari

Annotations:
D:4 Mrkan's ghost, novice SDFi


Innate Abilities, Weirdness & Mutations

You cannot wear most types of armour.
Your thick skin is tough. (AC +6)
You are too large for most types of armour.
You have claws for hands.
Your metabolism is lightning-fast.
You like to eat raw meat.
Your natural rate of healing is unusually fast.


Message History

A water moccasin skeleton is nearby!
You completely miss the water moccasin skeleton.
The water moccasin skeleton bites you.
You claw the water moccasin skeleton!
The water moccasin skeleton is moderately damaged.
The water moccasin skeleton barely misses you.
You barely miss the water moccasin skeleton.
The water moccasin skeleton is moderately damaged.
The water moccasin skeleton bites you.
You claw the water moccasin skeleton!
The water moccasin skeleton is heavily damaged.
The water moccasin skeleton bites you.
You claw the water moccasin skeleton!
The water moccasin skeleton is severely damaged.
The water moccasin skeleton closely misses you.
You scratch the water moccasin skeleton.
The water moccasin skeleton is almost destroyed.
The water moccasin skeleton bites you.
You barely miss the water moccasin skeleton.
The water moccasin skeleton is almost destroyed.
The water moccasin skeleton bites you. x2
Some of the chunks of flesh in your inventory have rotted away.
You claw the water moccasin skeleton!
You destroy the water moccasin skeleton!
Your Fighting skill increases to level 3!
You have reached level 5!
Your skin feels tougher.
Some of the chunks of flesh in your inventory have rotted away.
Eating one of 2 chunks of flesh.
You eat one of the 2 chunks of flesh.
This raw flesh tastes great.
Done exploring.
Done exploring.
Done exploring.
No target in view!
(D) Dungeon
Where to? (Enter - D:3, ? - help)
There is a stone staircase leading down here.
You climb downwards.
Found 20 gold pieces.
There is a stone staircase leading up here.
You now have 247 gold pieces (gained 20).
You now have 261 gold pieces (gained 14).
v - 180 bolts
Found a long sword.
All of the chunks of flesh in your inventory have rotted away.
Found a shattered altar of Ashenzari.
r - a wand of paralysis (5) No target in view!
Found a runed translucent door.
Mrkan's ghost turns its malevolent gaze towards you.
Found a hand axe.
Found a runed shortbow.
No target in view!
You open the door. You barely miss Mrkan's ghost. Mrkan's ghost hits you!
You scratch Mrkan's ghost.
Mrkan's ghost is lightly damaged.
Mrkan's ghost barely misses you.
You scratch Mrkan's ghost.
Mrkan's ghost is lightly damaged.
Mrkan's ghost hits you.
You scratch Mrkan's ghost but do no damage.
Mrkan's ghost is lightly damaged.
Mrkan's ghost barely misses you.
You claw Mrkan's ghost!
Mrkan's ghost is moderately damaged.
Mrkan's ghost hits you!
You are too injured to fight recklessly!
You are too injured to fight recklessly!
You are too injured to fight recklessly!
You are too injured to fight recklessly!
You are too injured to fight recklessly!
You are too injured to fight recklessly!
You are too injured to fight recklessly!
You are too injured to fight recklessly!
You are too injured to fight recklessly!
You are too injured to fight recklessly!
You are too injured to fight recklessly!
Unknown command.
You claw Mrkan's ghost!
Mrkan's ghost is heavily damaged.
Mrkan's ghost hits you!
You barely miss Mrkan's ghost.
Mrkan's ghost is heavily damaged.
Mrkan's ghost hits you!
* * * LOW HITPOINT WARNING * * *
You scratch Mrkan's ghost but do no damage.
Mrkan's ghost is heavily damaged.
Mrkan's ghost says, "You're as good as gold."
Mrkan's ghost closely misses you.
You closely miss Mrkan's ghost.
Mrkan's ghost is heavily damaged.
You barely miss Mrkan's ghost.
Mrkan's ghost is heavily damaged.
Mrkan's ghost hits you!
* * * LOW HITPOINT WARNING * * *
You barely miss Mrkan's ghost.
Mrkan's ghost is heavily damaged.
Mrkan's ghost hits you!
You die...

^. #####......# .
#..........#
#..........#
#####......#
..........#
#####....#######
#....#.....#
######....W≈≈≈≈(#
.........@#.....#
#####...########
...... #.###
.....###.# #.#
.....###.# #.#
.....###.# #.#
......#..# #.#
......#..# #.#
......_..# #.#


You could see Mrkan's ghost.

Vanquished Creatures
  A water moccasin skeleton (D:3)
  5 adders
  2 oozes (D:2)
  4 worms
  2 dart slugs
  3 leopard geckos
  2 orcs
  2 giant cockroaches (D:2)
  A goblin (D:2)
  3 hobgoblins
  4 jackals (D:1)
  3 quokkas
  A bat (D:1)
  2 frilled lizards
  A jackal skeleton (D:2)
  8 kobolds
  5 rats
49 creatures vanquished.

Notes
Turn   | Place    | Note
-------+----------+-------------------------------------------
     0 | D:1      | MisterOstroum the Troll Gladiator began the quest for the
                  | Orb.
     0 | D:1      | Reached XP level 1. HP: 19/19 MP: 0/0
   513 | D:1      | Reached XP level 2. HP: 22/28 MP: 1/1
   598 | D:1      | Reached skill level 1 in Unarmed Combat
   915 | D:2      | Reached XP level 3. HP: 31/35 MP: 2/2
  1813 | D:3      | Gained mutation: Your natural rate of healing is unusually
                  | fast. [Troll growth]
  1813 | D:3      | Reached XP level 4. HP: 44/44 MP: 3/3
  2149 | D:3      | Reached XP level 5. HP: 34/53 MP: 4/4
  2331 | D:4      | Found a shattered altar of Ashenzari.
  2356 | D:4      | Found a runed translucent door.
  2358 | D:4      | Noticed Mrkan's ghost (novice SDFi)
  2395 | D:4      | Mangled by Mrkan's ghost

Skill      XL: |  1  2  3  4 |
---------------+-------------+-----
Unarmed Combat | 1 2 |  2.9
Fighting       | 2 3 |  3.1
Dodging        | 3 |  3.1
Polearms       | |  2.4
Throwing       | |  1.7

Action                   |  1- 3 |  4- 6 || total
-------------------------+-------+-------++-------
Melee: Unarmed           |    90 |    47 ||   137
  Eat: Chunk             |    11 |     5 ||    16
       Ration            |     1 |       ||     1
Armor: Skin              |    26 |     8 ||    34
Dodge: Dodged            |    41 |    20 ||    61
